AoeStats
← fatfatfattie

Black Forest

510028793Analyzed
4v4 RM · 3d ago on Sep 29, 2026· 31m 25s· 8 players
Game mode
Random Map
Map size
Large (8 player)
Population
200
Speed
Normal
Resources
Standard
Victory
Conquest
Starting age
Dark Age
Ending age
Imperial Age
RankedLock teamsTeams togetherTeam positionsShared explorationLock speedFull tech treeHidden civsTurbo modeCheats
Victory
Defeat
🇨🇳 Khmer · China
1077
+12
🇨🇱 Japanese · Chile
1043
+13
🇹🇷 Armenians · Türkiye
1024
+14
🇨🇳 Persians · China
905
+19
🇨🇴 Persians · Colombia
1044
-17
🇧🇷 Huns · Brazil
1003
-15
🇨🇴 Goths · Colombia
974
-14
🇺🇸 Turks · United States
918
-12
THE_LORD
5:40 Loom
15:00 Feudal Age
15:15 Man-at-Arms
23:38 Horse Collar
23:46 Double-Bit Axe
27:23 Castle Age
27:14 Gold Mining
27:15 Stone Mining
29:02 Long Swordsman
31:41 Wheelbarrow
31:50 Forging
31:40 Scale Mail Armor
fatfatfattie
0:47 Loom
12:35 Feudal Age
23:05 Castle Age
23:11 Double-Bit Axe
25:21 Horse Collar
26:07 Man-at-Arms
28:05 Heavy Plow
Arthedain
10:50 Feudal Age
16:20 Castle Age
14:07 Loom
15:05 Double-Bit Axe
15:03 Horse Collar
16:44 Fishing Lines
17:32 Gold Mining
24:14 Bloodlines
24:25 Gillnets
25:08 Husbandry
25:26 Scale Barding Armor
26:47 Chain Barding Armor
26:55 Forging
28:42 Fletching
29:55 Bodkin Arrow
matheuszagnollii
16:08 Feudal Age
17:27 Horse Collar
17:34 Double-Bit Axe
19:08 Wheelbarrow
20:22 Gold Mining
23:37 Castle Age
22:03 Scale Mail Armor
22:14 Forging
25:30 Hand Cart
27:00 Gold Shaft Mining
27:53 Bow Saw
27:30 Pikeman
Chico_Migraña
4:44 Loom
11:44 Feudal Age
12:14 Double-Bit Axe
16:15 Castle Age
15:33 Gold Mining
15:26 Horse Collar
17:57 Bow Saw
20:37 Wheelbarrow
23:26 Heavy Plow
24:46 Coinage
25:00 Hand Cart
24:49 Town Watch
26:57 Scale Mail Armor
28:09 Town Patrol
28:26 Chain Mail Armor
29:37 Forging
31:47 Iron Casting
zhuge2021
0:28 Loom
14:39 Feudal Age
19:30 Double-Bit Axe
28:18 Gold Mining
28:20 Stone Mining
32:11 Castle Age
GTX-5090
8:25 Loom
10:58 Feudal Age
12:25 Wheelbarrow
11:39 Double-Bit Axe
11:47 Gold Mining
11:41 Horse Collar
15:13 Town Watch
16:01 Scale Barding Armor
19:23 Castle Age
18:44 Bloodlines
19:53 Forging
20:07 Husbandry
21:34 Squires
25:53 Gold Shaft Mining
25:30 Stone Mining
26:34 Caravan
27:33 Heavy Plow
29:01 Stone Shaft Mining
29:34 Hand Cart
30:40 Bow Saw
31:08 Fervor
Levanius
0:26 Loom
10:36 Feudal Age
11:04 Double-Bit Axe
10:40 Man-at-Arms
11:55 Long Swordsman
12:53 Arson
16:12 Scale Mail Armor
18:14 Gold Mining
18:17 Fletching
23:05 Castle Age
20:51 Horse Collar
22:00 Forging
23:27 Wheelbarrow
23:11 Two-Handed Swordsman
24:01 Bow Saw
24:08 Chain Mail Armor
23:57 Squires
24:21 Champion
26:46 Gambesons
28:24 Hand Cart
29:09 Iron Casting
30:34 Town Watch
30:58 Pikeman
Connection lost

Rejoining the realm…

Still unreachable

The connection could not be restored.

Session expired

The server has moved on; the page needs a fresh start.